AoeStats
← Taskyr

Arabia

508749043Analyzed
1v1 RM · 10d ago on Sep 23, 2026· 23m 52s· 2 players
Game mode
Random Map
Map size
Tiny (2 player)
Population
200
Speed
Normal
Resources
Standard
Victory
Conquest
Starting age
Dark Age
Ending age
Imperial Age
RankedLock teamsTeams togetherTeam positionsShared explorationLock speedFull tech treeHidden civsTurbo modeCheats
Victory
Defeat
🇦🇷 Britons · Argentina
845
+31
🇺🇸 Goths · United States
785
-22
Taskyr
5:56 Loom
11:59 Feudal Age
12:51 Double-Bit Axe
12:49 Horse Collar
19:54 Man-at-Arms
Sant
7:41 Loom
10:59 Feudal Age
12:03 Double-Bit Axe
12:57 Fletching
25:58 Castle Age
Connection lost

Rejoining the realm…

Still unreachable

The connection could not be restored.

Session expired

The server has moved on; the page needs a fresh start.